Unix NetHack Version 3.7.0-50 Work-in-progress - last build Feb 28 2022 15:24:21 (b377c2836c43ebb0b7db9ce427581073a701f771,branch:master). Game began 2022-03-02 00:42:59, ended 2022-03-02 01:17:07. wbn, lawful female human Samurai ---- ---- --..| |..| |...| |..| |.-- |.--- |@| |...-- --&| -----.-..| |..)| |........- -.--- -----.|..<..-.- --..| --.....|........ #--^..-- |..----........- #.%..--- |.-- --...|..- -#.---. --- --.---..- ---....| --- |-..|......-- |......... |......... --.....--- ---.-- --- Wbn the Kunoichi St:17 Dx:15 Co:18 In:9 Wi:9 Ch:7 Lawful S:2458 Dlvl:10 $:56 HP:0(59) Pw:20(20) AC:4 Xp:6/483 T:1341 Satiated Latest messages: You hear a nearby zap. You hear a ripping sound. The vampire turns to flee. You stop waiting. You hear crashing rock. You stop waiting. Pick an object. Automatic description is off. Move cursor to an unknown object: Unknown direction: 'c' (use 'h', 'j', 'k', 'l' or '.'). Unknown direction: 't' (use 'h', 'j', 'k', 'l' or '.'). Talk to whom? (in what direction) h The succubus cajoles you. The succubus hits! The succubus hits! What do you want to write with? [- a-diqru or ?*] - You write in the dust with your fingertip. What do you want to write in the dust here? Elbereth Are you waiting to get hit? Use 'm' prefix to force a no-op (to rest). The succubus hits! The succubus hits! What do you want to read? [hjmnp or ?*] j As you read the scroll, it disappears. This is a charging scroll. What do you want to charge? [k or ?*] ? What do you want to charge? [k or ?*] k You have a feeling of loss. c - a +0 yumi (weapon in hand). a - a +0 katana (alternate weapon; not wielded). In what direction? j You shoot 2 ya. In what direction? j In what direction? j You have no ammunition readied. What do you want to throw? [$abiqru or ?*] Never mind. The succubus hits! The succubus hits! What do you want to read? [hmnp or ?*] ? What do you want to read? [hmnp or ?*] p As you read the scroll, it disappears. A lit field surrounds you! The succubus just misses! The succubus hits! You die... Do you want your possessions identified? [ynq] (y) y Do you want to see your attributes? [ynq] (y) y Do you want an account of creatures vanquished? [ynaq] (y) y Do you want to see your conduct and achievements? [ynq] (y) y Do you want to see the dungeon overview? [ynq] (y) y Major events: Turn 1: wbn the lawful female human Samurai entered the dungeon 36: entered new level 2, The Dungeons of Doom 43: hit with a wielded weapon for the first time 43: killed for the first time 158: entered new level 3, The Dungeons of Doom 235: ate for the first time - jackal corpse 235: consumed animal products for the first time, by eating a jackal corpse 311: gained experience level 2 346: entered new level 4, The Dungeons of Doom 426: entered new level 1, The Gnomish Mines 426: entered the Gnomish Mines 490: entered new level 2, The Gnomish Mines 499: attained the rank of Ronin (level 3) 528: gained experience level 4 662: entered new level 3, The Gnomish Mines 662: reached Mine Town 687: gained experience level 5 902: entered new level 4, The Gnomish Mines 982: attained the rank of Kunoichi (level 6) 1058: entered new level 5, The Gnomish Mines 1228: entered new level 6, The Gnomish Mines 1290: became literate by engraving "Elbereth" Inventory: Coins $ - 56 gold pieces Weapons i - 7 +0 arrows q - 3 +1 crossbow bolts r - a +0 crossbow c - a +0 yumi (weapon in hand) u - 24 +0 darts a - a +0 katana (alternate weapon; not wielded) b - a +0 wakizashi Armor e - an uncursed rustproof +0 splint mail (being worn) Comestibles g - an uncursed fortune cookie l - an uncursed gunyoki Scrolls m - a cursed scroll of enchant armor h - an uncursed scroll of enchant weapon n - an uncursed scroll of remove curse Tools f - an uncursed blindfold o - a +0 grappling hook k - a blessed magic lamp t - a +0 pick-axe Wbn the Samurai's attributes: Background: You were a Kunoichi, a level 6 female human Samurai. You were lawful, nominally on a mission for Amaterasu Omikami who was opposed by Raijin (neutral) and Susanowo (chaotic). You were in the Gnomish Mines, on level 10. You entered the dungeon 1341 turns ago. It was nighttime. There was a new moon in effect when your adventure ended. You had 483 experience points, 157 more were needed to attain level 7. Your score was 2458 before end-of-game adjustments. Basics: You had 0 out of 59 hit points. You had all 20 energy points (spell power). Your armor class was 4. Your wallet contained 56 zorkmids. Autopickup was off. Final Characteristics: Your strength was 17 (limit:18/100). Your dexterity was 15 (limit:18). Your constitution was 18 (limit:18). Your intelligence was 9 (limit:18). Your wisdom was 9 (limit:18). Your charisma was 7 (limit:18). Final Status: You were satiated. You were unencumbered. You were wielding a bow. You had basic skill with bow and could have enhanced that. Final Attributes: You had strayed. You were warded. You were fast. You are dead. Miscellaneous: You never encountered a bones level. Total elapsed playing time was 34 minutes and 7 seconds. Vanquished creatures: a human zombie 7 gnome leaders 4 dwarves a rabid rat a killer bee a hobbit a large kobold 29 gnomes 2 geckos 2 jackals a kobold a goblin a lichen 52 creatures vanquished. No species were genocided or became extinct. Voluntary challenges: You were an atheist. You read items or engraved 5 times. You engraved Elbereth 2 times. You never genocided any monsters. You never polymorphed an object. You never changed form. You used no wishes. Achievements: You entered the Gnomish Mines. You attained the rank of Ronin. You entered Minetown. You attained the rank of Kunoichi. The Dungeons of Doom: levels 1 to 4 Level 1: Level 2: A fountain. Level 3: A sink, a grave. Level 4: Stairs down to The Gnomish Mines. The Gnomish Mines: levels 5 to 10 Level 5: Level 6: Level 7: Some fountains, some trees. Level 8: Level 9: Level 10: <- You were here. Final resting place for you, killed by a succubus. Game over: ---------- / \ / REST \ / IN \ / PEACE \ / \ | wbn | | 56 Au | | killed by a | | succubus | | | | | | 2022 | *| * * * | * _________)/\\_//(\/(/\)/\//\/|_)_______ Sayonara wbn the Samurai... You died in The Gnomish Mines on dungeon level 10 with 2453 points, and 56 pieces of gold, after 1341 moves. You were level 6 with a maximum of 59 hit points when you died.